 Dungeon Crawl Stone Soup version 0.19.1-1-g22dce08 (webtiles) character file.

570 dngmouse the Magician (level 7, -1/36 HPs)
             Began as a Deep Elf Wizard on Jan 20, 2017.
             Was an Initiate of Sif Muna.
             Slain by an orc wizard
             ... wielding a +0 dagger
              (5 damage)
             ... on level 5 of the Dungeon.
             The game lasted 00:16:29 (4920 turns).

dngmouse the Magician (Deep Elf Wizard)             Turns: 4920, Time: 00:16:31

Health: -1/36      AC:  2    Str:  4    XL:     7   Next: 11%
Magic:  1/20       EV: 13    Int: 25    God:    Sif Muna [......]
Gold:   160        SH:  3    Dex: 13    Spells: 5 memorised, 10 levels left

rFire  . . .     SeeInvis .     t - +3 dagger (flame)
rCold  . . .     Gourm    .     a - +0 robe
rNeg   . . .     Faith    .     (no shield)
rPois  .         Spirit   .     b - +0 hat
rElec  .         Reflect  +     (no cloak)
rCorr  .         Harm     .     (no gloves)
MR     .....                    (no boots)
Stlth  ++........               j - +3 amulet of reflection
                                (no ring)
                                (no ring)

@: repel missiles
A: no striking features
a: Renounce Religion


You were on level 5 of the Dungeon.
You worshipped Sif Muna.
Sif Muna was noncommittal.
You were not hungry.

You visited 1 branch of the dungeon, and saw 5 of its levels.

You collected 160 gold pieces.

Inventory:

Hand Weapons
 q - a +0 short sword
 t - a +3 dagger of flaming (weapon)
 B - a +0 rapier
Armour
 a - a +0 robe (worn)
 b - a +0 hat (worn)
Magical Staves
 s - an uncursed staff of poison
Jewellery
 j - a +3 amulet of reflection (around neck)
Wands
 y - a wand of confusion (27/48)
 C - a wand of flame (13/48)
Scrolls
 e - 6 scrolls of remove curse {unknown}
 h - 7 scrolls of identify {unknown}
 i - 2 scrolls of teleportation {unknown}
 k - 2 scrolls of blinking {unknown}
 l - a scroll of enchant armour {unknown}
 m - a scroll of noise {unknown}
 o - 3 scrolls of enchant weapon {unknown}
 p - 2 scrolls of fog {unknown}
 w - a scroll of immolation {unknown}
 x - a scroll of fear {unknown}
 A - 2 scrolls of magic mapping {unknown}
Potions
 g - 2 potions of curing {unknown}
 n - a potion of cancellation {unknown}
 r - a potion of flight {unknown}
 v - a potion of mutation {unknown}
 z - a potion of heal wounds {unknown}
Books
 c - a book of Minor Magic

   Spells                             Type                      Level
   a - Magic Dart                     Conjuration                  1
   b - Blink                          Translocation                2
   c - Call Imp                       Summoning                    2
   d - Repel Missiles                 Charms/Air                   2
   e - Slow                           Hexes                        2
   f - Conjure Flame                  Conjuration/Fire             3
   g - Mephitic Cloud                 Conjuration/Poison/Air       3
Comestibles
 d - 3 bread rations
 f - 2 meat rations
 u - 4 chunks of flesh


   Skills:
 - Level 2.4 Dodging
 - Level 2.4 Stealth
 * Level 7.8 Spellcasting
 + Level 5.2 Conjurations
   Level 1.1 Summonings
 - Level 2.2 Translocations
 - Level 2.2 Fire Magic
 - Level 1.0 Air Magic


You had 10 spell levels left.
You knew the following spells:

 Your Spells              Type           Power        Failure   Level  Hunger
a - Magic Dart            Conj           ####         1%          1    None
b - Blink                 Tloc           N/A          4%          2    None
c - Conjure Flame         Conj/Fire      ####....     4%          3    None
d - Mephitic Cloud        Conj/Pois/Air  ###.....     10%         3    None
e - Repel Missiles        Chrm/Air       ##....       10%         2    None


Dungeon Overview and Level Annotations

Branches:
Dungeon (5/15)
 Temple: D:4-7

Altars:
Ashenzari
Hepliaklqana
Ru
Sif Muna

Shops:
D:5 =


Message History

You hit the orc wizard. You burn the orc wizard.
The orc wizard is severely wounded.
The orc wizard looks braver for a moment.
The orc wizard gestures wildly while chanting.
The orc wizard flickers and vanishes!
Deactivating autopickup; reactivate with Ctrl-A.
You closely miss something. You miss something.
You hear some strange, mumbled words.
A magic dart appears from out of thin air!
The magic dart hits you! Something hits you but does no damage.
You closely miss something. Something hits you.
* * * LOW HITPOINT WARNING * * *
You closely miss something.
You hear some strange, mumbled words.
A magic dart appears from out of thin air!
The magic dart hits you!
* * * LOW HITPOINT WARNING * * *
Something hits you.
You die...

..............#.............#.###
..............#............##.#_.
.#####+##.....+............'..#..
.#......#.....#............##.#_.
.#......+.....#.........##..#.###
.'......#.....#.........#####.###
.#......# #.............#..#.
.#......# #....##...##..##...
.#......# ##@####...##...##.#
.#......# #.{..#....+.....#_#
.+.....<# #....#....##....###
.#......#.....)[...#....##....#
.#......#.....####+##.........#
.# #..... #.........#
.########.... #.........#
##......#.... #.........#
........#... ######....#


There were no monsters in sight!

Vanquished Creatures
  The ghost of dscm the Sneak, an amateur OpEn (D:4)
  Duvessa (D:5)
  Dowan (D:5)
  A bullfrog skeleton (D:4)
  A centaur skeleton (D:4)
  An orc wizard (D:4)
  Jessica (D:3)
  An iguana (D:3)
  An orc priest (D:3)
  4 adders
  An ooze (D:3)
  A worm (D:3)
  2 dart slugs
  6 leopard geckos
  12 orcs
  4 giant cockroaches
  6 hobgoblins
  5 jackals
  10 kobolds
  4 quokkas
  6 bats (D:2)
  3 frilled lizards
  4 goblins
  7 rats
84 creatures vanquished.

Notes
Turn   | Place    | Note
-------+----------+-------------------------------------------
     0 | D:1      | dngmouse the Deep Elf Wizard began the quest for the Orb.
     0 | D:1      | Reached XP level 1. HP: 10/10 MP: 7/7
   401 | D:1      | Reached XP level 2. HP: 9/15 MP: 5/9
   439 | D:1      | Learned a level 2 spell: Blink
  1937 | D:2      | Reached XP level 3. HP: 17/19 MP: 6/10
  2526 | D:3      | Learned a level 3 spell: Conjure Flame
  2530 | D:3      | Learned a level 3 spell: Mephitic Cloud
  2540 | D:3      | Found a shattered altar of Ashenzari.
  2543 | D:3      | Reached XP level 4. HP: 23/24 MP: 8/12
  2958 | D:3      | Reached skill level 5 in Spellcasting
  3088 | D:3      | Learned a level 2 spell: Repel Missiles
  3269 | D:3      | Reached XP level 5. HP: 28/28 MP: 0/15
  3435 | D:3      | Noticed Jessica
  3437 | D:3      | Killed Jessica
  3725 | D:3      | Reached skill level 6 in Spellcasting
  3838 | D:4      | Noticed dscm's ghost (amateur OpEn)
  3847 | D:4      | Killed dscm's ghost
  3847 | D:4      | Reached skill level 1 in Fire Magic
  3847 | D:4      | Reached skill level 1 in Air Magic
  3847 | D:4      | Reached XP level 6. HP: 31/32 MP: 7/17
  4347 | D:4      | Reached skill level 7 in Spellcasting
  4451 | D:4      | Found a sacrificial altar of Ru.
  4529 | D:5      | Entered Level 5 of the Dungeon
  4529 | D:5      | Found Zutef's Jewellery Shoppe.
  4667 | D:5      | Noticed Dowan
  4670 | D:5      | Noticed Duvessa
  4683 | D:5      | Killed Duvessa
  4683 | D:5      | Reached skill level 5 in Conjurations
  4683 | D:5      | Reached XP level 7. HP: 32/36 MP: 2/20
  4686 | D:5      | Killed Dowan
  4820 | D:5      | Found a faded altar of an unknown god.
  4820 | D:5      | Found a faded altar of an unknown god.
  4825 | D:5      | Found a deep blue altar of Sif Muna.
  4827 | D:5      | Found a hazy altar of Hepliaklqana.
  4828 | D:5      | Found a faded altar of an unknown god.
  4841 | D:5      | Became a worshipper of Sif Muna the Loreminder
  4920 | D:5      | Slain by an orc wizard

Skill      XL: |  1  2  3  4  5  6 |
---------------+-------------------+-----
Conjurations   | 2 3 4 5 |  5.2
Spellcasting   | 5 6 7 |  7.8
Translocations | 2 |  2.2
Fire Magic     | 1 2 |  2.2
Air Magic      | 1 |  1.0
Dodging        | |  2.4
Stealth        | |  2.4
Summonings     | |  1.1

Action                   |  1- 3 |  4- 6 |  7- 9 || total
-------------------------+-------+-------+-------++-------
Melee: Unarmed           |     4 |       |       ||     4
       Staff             |       |    10 |       ||    10
       Short sword       |       |     4 |       ||     4
       Dagger            |       |    18 |     6 ||    24
 Cast: Magic Dart        |    98 |    95 |    28 ||   221
       Mephitic Cloud    |       |     5 |       ||     5
       Blink             |       |     2 |       ||     2
       Repel Missiles    |       |     1 |       ||     1
 Stab: Confused          |       |     2 |       ||     2
       Sleeping          |       |     1 |       ||     1
  Eat: Chunk             |     5 |     5 |     1 ||    11
       Fruit             |       |     1 |       ||     1
Armor: Robe              |     8 |     2 |       ||    10
Dodge: Dodged            |    35 |    22 |    16 ||    73
       Deflected         |       |       |     1 ||     1
Block: Other             |       |     1 |     5 ||     6
